 Dungeon Crawl Stone Soup version 0.29.0-13-gc9e81de378 (webtiles) character file.

Game seed: 3668584678635878225

94 ILmort the Shooter (level 4, 0/37 HPs)
             Began as a Barachi Hunter on Sept 10, 2022.
             Slain by a black bear (2 damage)
             ... on level 4 of the Dungeon.
             The game lasted 00:07:04 (2933 turns).

ILmort the Shooter (Barachi Hunter)                 Turns: 2933, Time: 00:07:05

Health: 0/37       AC: 10    Str: 19    XL:     4   Next: 63%
Magic:  4/4        EV: 12    Int:  9    God:
Gold:   169        SH:  0    Dex: 17    Spells: 3/3 levels left

rFire   . . .      SeeInvis .   b - +1 dagger (protect)
rCold   . . .      Faith    .   (no shield)
rNeg    . . .      Spirit   .   c - +0 leather armour
rPois   .          Reflect  .   (no helmet)
rElec   .          Harm     .   (no cloak)
rCorr   .          Rampage  .   (no gloves)
Will    .....                   (no boots)
Stlth   ++........              (no amulet)
HPRegen 0.12/turn               h - +6 ring of strength
MPRegen 0.09/turn               (no ring)

@: under a protective aura, unable to hop, slow
A: amphibious, slowness 1, strong legs 1, +LOS
a: Hop


You were on level 4 of the Dungeon.
You visited 1 branch of the dungeon, and saw 4 of its levels.

You collected 169 gold pieces.

Inventory:

Hand Weapons
 a - a +0 shortbow
 b - a +1 dagger of protection (weapon)
Armour
 c - a +0 leather armour (worn)
Jewellery
 h - a +6 ring of strength (left hand)
Scrolls
 d - 2 scrolls of teleportation {unknown}
 e - a scroll of immolation
 f - 2 scrolls of identify {unknown}
 j - 2 scrolls of vulnerability {unknown}
 m - a scroll of poison {unknown}
 o - a scroll of blinking {unknown}
Potions
 g - a potion of flight {unknown}
 i - a potion of brilliance {unknown}
 k - a potion of curing
 l - a potion of degeneration {unknown}
 n - a potion of cancellation {unknown}
 p - a potion of lignification {unknown}


   Skills:
 + Level 3.7 Fighting
 * Level 5.3 Ranged Weapons
 - Level 2.1 Dodging
 - Level 0.8 Stealth


You had 3 spell levels left.
You didn't know any spells.
Your spell library contained the following spells:

 Spells                   Type           Power      Damage    Failure   Level
 Apportation              Tloc           0%         N/A       43%         1
 Necrotise                Necr           0%         1d4       43%         1
 Summon Small Mammal      Summ           0%         N/A       43%         1


Dungeon Overview and Level Annotations

Branches:
Dungeon (4/15)
 Temple: D:4-7

Altars:
Kikubaaqudgha
Xom

Annotations:
D:2 Natasha


Innate Abilities, Weirdness & Mutations

You are amphibious.
You cover ground slowly.
You can hop short distances.
You have an extended range of vision and can be seen from far away.


Message History

You hit the black bear.
Your weapon exudes an aura of protection.
The black bear goes berserk!
You hit the black bear. The black bear bites you. The black bear claws you.
The black bear claws you but does no damage.
You hit the black bear. The black bear barely misses you.
The black bear claws you but does no damage. x2
The black bear bites you.
The black bear claws you but does no damage. x2
You hit the black bear but do no damage.
The black bear bites you!
The black bear claws you but does no damage.
The black bear claws you.
* * * LOW HITPOINT WARNING * * *
Hop to where?
Boing!
The black bear rages.
You hit the black bear.
You punch the black bear, but do no damage.
The black bear barely misses you. The black bear claws you.
* * * LOW HITPOINT WARNING * * *
The black bear barely misses you.
You closely miss the black bear.
The black bear bites you but does no damage.
The black bear barely misses you. The black bear misses you. x2
The black bear claws you but does no damage. x2
You hit the black bear but do no damage.
The black bear misses you. The black bear closely misses you.
The black bear claws you but does no damage.
The hobgoblin closely misses you.
You hit the black bear. The black bear bites you.
* * * LOW HITPOINT WARNING * * *
The black bear closely misses you. The black bear claws you.
* * * LOW HITPOINT WARNING * * *
The hobgoblin closely misses you. The black bear barely misses you.
The black bear claws you but does no damage.
The black bear barely misses you.
You closely miss the black bear. The black bear completely misses you.
The black bear claws you.
You die...

..... #.. ..... #.. ######
...########..
#....#....#.....#...
#....#....#.....#...
#....'....#.....'...
#####..#....#.....##..
#####.###hg#....########..
#........@.#....# #...
+..........#....+ #...
#.###'###..#....# ##..
####.###..##..#....########..
..............#....#.....#...
..............#....#.....#...
..###>####.#####....##....##..
#..........##....#####....##..
..###.###...#....'........##.<


You could see a black bear (berserk) and a hobgoblin.

Vanquished Creatures
  Natasha (D:2)
  2 adders (D:3)
  A dart slug (D:3)
  2 orcs (D:3)
  5 bats
  4 endoplasms
  2 giant cockroaches (D:1)
  7 hobgoblins
  3 quokkas
  6 ball pythons
  3 goblins
  5 kobolds
  6 rats
47 creatures vanquished.

Vanquished Creatures (others)
  A human (D:3)
1 creature vanquished.

Grand Total: 48 creatures vanquished

Notes
Turn   | Place    | Note
-------+----------+-------------------------------------------
     0 | D:1      | ILmort the Barachi Hunter began the quest for the Orb.
     0 | D:1      | Reached XP level 1. HP: 17/17 MP: 1/1
   144 | D:1      | Reached XP level 2. HP: 23/23 MP: 2/2
  1077 | D:2      | Noticed Natasha
  1085 | D:2      | Reached XP level 3. HP: 29/29 MP: 3/3
  1095 | D:2      | Killed Natasha
  1416 | D:2      | Reached skill level 5 in Ranged Weapons
  1673 | D:2      | Noticed Natasha
  1864 | D:3      | Reached XP level 4. HP: 29/35 MP: 4/4
  2445 | D:3      | Found an ancient bone altar of Kikubaaqudgha.
  2449 | D:3      | Noticed a human
  2451 | D:3      | Killed a human
  2892 | D:4      | Found a shimmering altar of Xom.
  2919 | D:4      | Noticed a black bear
  2933 | D:4      | Slain by a black bear

Illustrated notes

Levels and vault maps discovered:
D:1:      saegor_arrival_simple_e, layout_basic, serial_curves, eino_curves_03,
          eino_curves_01, st_stairs_6
D:2:      layout_basic, uniq_natasha
D:3:      layout_basic, tgw_kikubaaqudgha, minmay_unequal
D:4:      layout_gridville, nicolae_wu_jian_immortal_techniques,
          lemuel_doored_altar, mrwooster_statue_mirror, hex_tiny

Skill      XL: |  1  2  3 |
---------------+----------+-----
Fighting       | 3 |  3.7
Ranged Weapons | 5 |  5.3
Dodging        | |  2.1
Stealth        | |  0.8

Action                   |  1- 3 |  4- 6 || total
-------------------------+-------+-------++-------
Melee: Dagger            |    36 |    38 ||    74
       Punch             |       |     1 ||     1
 Fire: Shortbow          |    71 |    44 ||   115
 Abil: Hop               |       |     1 ||     1
Armor: Leather armour    |    25 |    25 ||    50
Dodge: Dodged            |    44 |    39 ||    83
